 Dungeon Crawl Stone Soup version 0.27-a0-1565-gad902ab807 (webtiles) character file.

Game seed: 15863942853699511496

95 Leszczynek the Chopper (level 4, -2/34 HPs)
             Began as a Human Gladiator on July 16, 2021.
             Was an Initiate of Cheibriados.
             Slain by Edmund (13 damage)
             ... on level 4 of the Dungeon.
             The game lasted 00:09:51 (880 turns).

Leszczynek the Chopper (Human Gladiator)             Turns: 880, Time: 00:09:52

Health: -2/34      AC:  6    Str: 14 (15) XL:     4   Next: 97%
Magic:  4/4        EV: 11    Int:  8 (11) God:    Cheibriados [......]
Gold:   96         SH:  0    Dex: 14 (15) Spells: 3/3 levels left

rFire    . . .     SeeInvis .   a - +0 war axe
rCold    . . .     Faith    .   (no shield)
rNeg     . . .     Spirit   .   f - +0 ring mail
rPois    .         Reflect  .   c - +0 helmet
rElec    .         Harm     .   (no cloak)
rCorr    .         Rampage  .   (no gloves)
Will     .....                  (no boots)
Stlth    +.........             (no amulet)
HPRegen  0.11/turn              (no ring)
MPRegen  0.09/turn              (no ring)

@: very slow
A: no striking features
a: Renounce Religion, Bend Time


You were on level 4 of the Dungeon.
You worshipped Cheibriados.
Cheibriados was noncommittal.
You visited 1 branch of the dungeon, and saw 4 of its levels.

You collected 96 gold pieces.

Inventory:

Hand Weapons
 a - a +0 war axe (weapon)
Missiles
 d - a throwing net
 e - 43 stones (quivered)
 o - 20 sling bullets
Armour
 b - a +0 leather armour
 c - a +0 helmet (worn)
 f - a +0 ring mail (worn)
Wands
 i - a wand of iceblast (5)
Scrolls
 g - a scroll of magic mapping {unknown}
 h - 2 scrolls of blinking {unknown}
 m - 2 scrolls of fear {unknown}
 q - a scroll of teleportation {unknown}
 r - a scroll of acquirement {unknown}
Potions
 j - a potion of heal wounds {unknown}
 k - a potion of might {unknown}
 l - a potion of mutation {unknown}
 n - a potion of curing {unknown}


   Skills:
 + Level 2.5 Fighting
 - Level 5.0 Axes
 - Level 2.0 Throwing
 - Level 3.0 Dodging


You had 3 spell levels left.
You didn't know any spells.
Your spell library was empty.

Dungeon Overview and Level Annotations

Branches:
Dungeon (4/15)
 Temple: D:4-7

Altars:
Cheibriados
The Shining One

Shops:
D:1 *

Annotations:
D:2 Terence
D:4 Edmund


Message History

q - a scroll labelled ENOABR QUNINUKAM
r - a scroll labelled QEPHEB NIUMU Edmund the Younger comes into view.
He is wielding a +2 dire flail of protection and wearing a +2 leather armour of fire resistance.
Aiming: Iceblast
Press: ? - help, Shift-Dir - straight line, f - Edmund
Aim: Edmund, wielding a +2 dire flail of protection and wearing a +2 leather armour of fire resistance The mass of ice explodes!
The iceblast engulfs Edmund!
Edmund is lightly wounded.
You hear a shout! x3
Something unseen opens the large door.
Aiming: Iceblast
Press: ? - help, Shift-Dir - straight line, p - Edmund The mass of ice explodes!
The iceblast engulfs Edmund!
Edmund is heavily wounded.
Edmund hits you with a +2 dire flail of protection.
A scorpion comes into view.
A goblin comes into view. It is wielding a +0 hunting sling.
Unknown command.
The goblin shoots a stone.
The stone hits you but does no damage. Edmund closely misses you.
The goblin shoots a stone.
The stone closely misses you.
The goblin shoots a stone.
The stone hits you. The scorpion stings you!
The scorpion stings you but does no damage.
Aiming: Iceblast
Press: ? - help, Shift-Dir - straight line The mass of ice explodes!
The iceblast engulfs the scorpion!
The scorpion is severely wounded.
The scorpion stings you. x2
Aiming: Iceblast
Press: ? - help, Shift-Dir - straight line The mass of ice explodes!
The iceblast engulfs the scorpion.
The scorpion is severely wounded.
The iceblast engulfs Edmund!
Edmund is severely wounded.
The scorpion barely misses you.
It was a potion of degeneration.
There was something very wrong with that liquid.
You feel weakened.
You feel dopey.
You feel clumsy.
Edmund hits you with a +2 dire flail of protection!
You die...

############################
..................>.........
#..........................
######...<.................
≈ #....@@............... .≈
#..###sg.####...###...
≈≈≈##..###...#############
≈.''.g...................
≈##...g.................
#.....................
#............(.....†..
#.....................
#......................<...


You could see Edmund, a scorpion and a goblin.

Vanquished Creatures
  5 adders
  An adder skeleton (D:4)
  3 orcs (D:3)
  3 ball pythons
  4 bats
  4 endoplasms
  3 goblins
  3 hobgoblins
  6 jackals
  3 kobolds
  3 quokkas
  A frilled lizard (D:1)
  3 rats
42 creatures vanquished.

Notes
Turn   | Place    | Note
-------+----------+-------------------------------------------
     0 | D:1      | Leszczynek the Human Gladiator began the quest for the Orb.
     0 | D:1      | Reached XP level 1. HP: 16/16 MP: 1/1
    99 | D:1      | Reached XP level 2. HP: 14/22 MP: 2/2
   129 | D:1      | Found Isusa's General Store.
   374 | D:2      | Reached skill level 4 in Axes
   374 | D:2      | Reached XP level 3. HP: 23/27 MP: 3/3
   421 | D:2      | Noticed Terence
   574 | D:3      | Reached XP level 4. HP: 19/33 MP: 4/4
   635 | D:3      | Reached skill level 5 in Axes
   693 | D:3      | Found a snail-covered altar of Cheibriados.
   704 | D:3      | aha, time to die!
   704 | D:3      | Became a worshipper of Cheibriados the Contemplative
   729 | D:4      | oh, you can bend time at 0*? i forgot
   792 | D:4      | Found a glowing golden altar of the Shining One.
   793 | D:4      | :(
   868 | D:4      | Noticed Edmund
   870 | D:4      | Noticed a scorpion
   880 | D:4      | Slain by Edmund

Illustrated notes

##.#......# #......#..#
#...#..# #
#..#.#.#..####.##
.................
#.#######....##.# ###
#.....#.# #####.......#
+@'.....[...##### ..
#+###............ .(. #.
#.........###
...###.###..........#
..(...(................
..(((..(...............
.....................#.
.......(.......).....#..
.....................# .


Turn 704 on D:3: aha, time to die! ############## .............# S........Z..!#
.............# ..)..........# ...........[.# .......@.....# ...?.........#
...####...#### . #...# ..... !..... ....... ......... Turn 729 on D:4: oh, you
can bend time at 0*? i forgot #...#............# #...#..........).#
#...#............# #...##..........## #...##..........# ##+## ....##....###...#
...... #....###...##...... +.................. #..........@.......
#.................. #....###..##.##.... ... #.## .. ..) .. ..## ... .. ... ....
.... _...# .. ....# Turn 793 on D:4: :(

Levels and vault maps discovered:
D:1:      wheals_arrival_linesprint, layout_rooms, serial_glass,
          glass_columns_a, glass_columns_c, serial_shops, shop
D:2:      wander_river, layout_loops_corners, uniq_terence
D:3:      layout_basic, lemuel_doored_altar, guppyfry_early_orc_mine,
          uniq_sigmund, uniq_ijyb, uniq_jessica
D:4:      layout_gridville, lemuel_round_altar, hangedman_decor_riveting,
          minmay_goblin_outpost, uniq_grinder, uniq_edmund

Skill      XL: |  1  2  3  4 |
---------------+-------------+-----
Axes           | 4 5 |  5.0
Fighting       | |  2.5
Throwing       | |  2.0
Dodging        | |  3.0

Action                   |  1- 3 |  4- 6 || total
-------------------------+-------+-------++-------
Melee: War axe           |    76 |    34 ||   110
Throw: Stone             |    33 |    18 ||    51
       Throwing net      |     3 |     2 ||     5
Evoke: Wand              |       |     6 ||     6
  Use: Potion            |       |     1 ||     1
Armor: Leather armour    |    11 |       ||    11
       Ring mail         |    22 |    13 ||    35
Dodge: Dodged            |    49 |    33 ||    82

Table legend: (Time is in decaauts)
 A = Elapsed time spent in this place.
 B = Non-inter-level travel time spent in this place.
 C = Inter-level travel time spent in this place.
 D = Time resting spent in this place.
 E = Time spent auto-exploring this place.
 F = Levels seen in this place.
 G = Mean time per level.
                   A        B        C        D        E       F      G
               +--------+--------+--------+--------+--------+-----+--------+
         Total |    951 |    935 |     16 |      0 |      0 |   4 |  237.8 |
       Dungeon |    951 |    935 |     16 |      0 |      0 |   4 |  237.8 |
               +--------+--------+--------+--------+--------+-----+--------+

Top non-repeatable levels by time:
     D:3: 377 daAuts
     D:1: 265 daAuts
     D:4: 189 daAuts
     D:2: 120 daAuts
